 Dungeon Crawl Stone Soup version 0.29.1-1-gd02db6906a (webtiles) character file.

Game seed: 16535290296486012730

1124 karrick the Cudgeller (level 8, 0/49 HPs)
             Began as a Gargoyle Fighter on Sept 27, 2022.
             Slain by a wight
             ... wielding a +7 scimitar
              (12 damage)
             ... on level 6 of the Dungeon.
             The game lasted 00:08:49 (5094 turns).

karrick the Cudgeller (Gargoyle Fighter)            Turns: 5094, Time: 00:08:49

Health: 0/49       AC: 16    Str: 28    XL:     8   Next: 35%
Magic:  8/8        EV:  9    Int:  7    God:
Gold:   359        SH: 10    Dex:  9    Spells: 7/7 levels left

rFire   . . .      SeeInvis .   a - +0 flail
rCold   . . .      Faith    .   c - +0 buckler
rNeg    + . .      Spirit   .   b - +0 scale mail
rPois   ∞          Reflect  +   (no helmet)
rElec   +          Harm     .   k - +0 cloak
rCorr   .          Rampage  .   f - +0 pair of gloves
Will    .....                   h - +0 pair of boots
Stlth   ..........              l - amulet of reflection
HPRegen 0.16/turn               (no ring)
MPRegen 0.11/turn               (no ring)

@: no status effects
A: sickness immunity, AC +5, negative energy resistance 1, electricity
resistance, torment resistance 1, petrification resistance, strong 2
a: no special abilities


You were on level 6 of the Dungeon.
You visited 2 branches of the dungeon, and saw 7 of its levels.
You also visited: Sewer.

You collected 359 gold pieces.

Inventory:

Hand Weapons
 a - a +0 flail (weapon)
 y - a +0 whip of freezing
Missiles
 m - a throwing net (quivered)
Armour
 b - a +0 scale mail (worn)
 c - a +0 buckler (worn)
 f - a +0 pair of gloves (worn)
 h - a +0 pair of boots (worn)
 k - a +0 cloak (worn)
Jewellery
 g - an amulet of magic regeneration
 l - an amulet of reflection (around neck)
 s - a ring of protection from fire
 t - a ring of magical power
 v - a +6 ring of strength
Scrolls
 d - a scroll of vulnerability {unknown}
 e - 9 scrolls of identify {unknown}
 i - a scroll of magic mapping {unknown}
 j - 2 scrolls of teleportation {unknown}
 p - a scroll of poison
 q - a scroll of enchant armour {unknown}
 r - a scroll of fear {unknown}
 A - a scroll of noise {unknown}
Potions
 n - a potion of brilliance {unknown}
 o - a potion of curing
 u - a potion of mutation
 w - a potion of lignification {unknown}
 x - a potion of attraction {unknown}
 z - a potion of haste {unknown}
 B - a potion of ambrosia {unknown}


   Skills:
 + Level 5.0 Fighting
 + Level 6.2 Maces & Flails
 + Level 5.5 Armour
 + Level 1.6 Stealth
 + Level 6.2 Shields


You had 7 spell levels left.
You didn't know any spells.
Your spell library was empty.

Dungeon Overview and Level Annotations

Branches:
Dungeon (6/15)             Temple (1/1) D:4           Sewer (visited)

Altars:
Ashenzari
Cheibriados
Dithmenos
Fedhas
Gozag
Hepliaklqana
Kikubaaqudgha
Makhleb
Nemelex Xobeh
Qazlal
Ru
Trog
Uskayaw
Vehumet
Wu Jian
Xom
Yredelemnul
Zin
The Shining One

Shops:
D:3 (

Annotations:
D:5 1 runed translucent door, LustLizard's ghost, novice SpAM; Prince Ribbit


Innate Abilities, Weirdness & Mutations

You are immune to sickness and miasma.
Your stone body is resilient. (AC +5)
You are immune to poison.
You resist negative energy. (rN+)
You are resistant to electric shocks. (rElec)
You are resistant to unholy torment.
You are immune to petrification.
Your muscles are very strong. (Str +8, Int/Dex -2)


Message History

The wight barely misses you.
You sock the wight!
You destroy the wight!
You barely miss the wight. The wight hits you with a +7 scimitar!
* * * LOW HITPOINT WARNING * * *
The wight closely misses you.
You are too injured to fight recklessly!
You are too injured to fight recklessly!
You are too injured to fight recklessly!
You are too injured to fight recklessly!
You are too injured to fight recklessly!
You are too injured to fight recklessly!
You are too injured to fight recklessly!
You are too injured to fight recklessly!
You are too injured to fight recklessly!
You are too injured to fight recklessly!
You are too injured to fight recklessly!
You are too injured to fight recklessly!
You are too injured to fight recklessly!
You are too injured to fight recklessly!
You are too injured to fight recklessly!
You are too injured to fight recklessly!
You are too injured to fight recklessly!
You are too injured to fight recklessly!
You are too injured to fight recklessly!
You are too injured to fight recklessly!
You are too injured to fight recklessly!
You are too injured to fight recklessly!
You are too injured to fight recklessly!
You are too injured to fight recklessly!
You thump the wight!
The wight is almost destroyed.
The wight hits you but does no damage.
You closely miss the wight.
The wight is almost destroyed.
You block the wight's attack.
You hit the wight but do no damage.
The wight is almost destroyed.
The wight hits you with a +7 scimitar!
You die...

#. #. .. ..##
.# ..# .. ..#
.# ####.###.#
#.##.^....[.#
#....##<###.#
#......z@.#
#.......#####
###.##### #.
#


You could see a wight.

Vanquished Creatures
  Pargi (Sewer)
  A black bear (D:5)
  An ogre (D:4)
  2 centaurs (D:5)
  2 scorpions
  A wight (D:6)
  An orc priest (D:5)
  A hound (D:4)
  A gnoll bouda (D:4)
  3 iguanas
  4 orc wizards
  9 adders
  6 gnolls
  An ufetubus (D:5)
  2 worms
  3 dart slugs
  13 orcs
  14 ball pythons
  11 bats
  7 endoplasms
  6 giant cockroaches
  9 goblins
  4 hobgoblins
  2 jackals (D:1)
  6 kobolds
  3 quokkas
  5 frilled lizards
  12 rats
131 creatures vanquished.

Vanquished Creatures (others)
  A plant (D:5)
1 creature vanquished.

Grand Total: 132 creatures vanquished

Notes
Turn   | Place    | Note
-------+----------+-------------------------------------------
     0 | D:1      | karrick the Gargoyle Fighter began the quest for the Orb.
     0 | D:1      | Reached XP level 1. HP: 14/14 MP: 1/1
   336 | D:1      | Reached XP level 2. HP: 18/19 MP: 2/2
   518 | D:1      | Found a faded altar of an unknown god.
   626 | D:1      | Reached XP level 3. HP: 20/23 MP: 3/3
  1493 | D:2      | Reached XP level 4. HP: 24/29 MP: 4/4
  2072 | D:3      | Identified the +2 short sword "Ruadghiozof" {venom,
                  | *Corrode rN+ Int+5}
  2135 | D:3      | Found Xianip's Weapon Emporium.
  2780 | D:4      | Found a staircase to the Ecumenical Temple.
  2835 | D:4      | Reached XP level 5. HP: 13/33 MP: 5/5
  2845 | D:4      | Noticed an ogre
  2849 | D:4      | Killed an ogre
  2858 | D:4      | Found a hide-covered altar of Uskayaw.
  2878 | D:3      | Reached XP level 6. HP: 21/38 MP: 6/6
  2980 | D:4      | Found a bloodstained altar of Trog.
  3047 | D:4      | Found a glowing drain.
  3078 | Sewer    | Entered a sewer
  3110 | Sewer    | Noticed Pargi
  3126 | Sewer    | Killed Pargi
  3127 | Sewer    | Reached XP level 7. HP: 44/44 MP: 7/7
  3254 | D:4      | Reached skill level 5 in Maces & Flails
  3387 | Temple   | Entered the Ecumenical Temple
  3766 | D:4      | Reached skill level 5 in Shields
  3919 | D:5      | Entered Level 5 of the Dungeon
  3974 | D:5      | Gained mutation: Your muscles are strong. (Str +4, Int/Dex
                  | -1) [potion of mutation]
  3974 | D:5      | Gained mutation: Your muscles are very strong. (Str +8,
                  | Int/Dex -2) [potion of mutation]
  4233 | D:5      | Reached skill level 5 in Armour
  4426 | D:5      | Reached XP level 8. HP: 38/48 MP: 8/8
  4442 | D:5      | Reached skill level 5 in Fighting
  4757 | D:4      | Reached skill level 1 in Stealth
  5043 | D:5      | Noticed Prince Ribbit
  5075 | D:5      | Found a runed translucent door.
  5075 | D:5      | Noticed LustLizard's ghost (novice SpAM)
  5094 | D:6      | Slain by a wight

Illustrated notes

Levels and vault maps discovered:
D:1:      dpeg_arrival_castle, layout_loops_ring, ebering_ecumenical_altar_mist,
          hangedman_decor_points, minmay_tiny_reverse_x
D:2:      layout_rooms, hangedman_decor_growths
D:3:      layout_basic, serial_shops, nicolae_shop_crystal,
          minmay_misc_feat_square, fountainhead, feat_on_display
D:4:      layout_rooms, nicolae_uskayaw_dance_hall, trog_three_pillars_becter,
          minmay_temple_entry_ruins, gup_sewer_entry_bubbles, grunt_ministairs_2
D:5:      layout_cave_pools, nicolae_elyvilon_peaceful_grove,
          hellmonk_ghost_happy_afterlife, chequers_serial_rivers_small_3,
          serial_park_tiny_pond, minmay_misc_feat_tower, serial_bayou_pond_e,
          uniq_prince_ribbit1
D:6:      layout_loops_cross, lemuel_tele_altar, uniq_edmund, uniq_sigmund
Temple:   bh_familiar_temple

Skill      XL: |  1  2  3  4  5  6  7  8 |
---------------+-------------------------+-----
Shields        | 4 5 6 |  6.2
Fighting       | 4 5 |  5.0
Maces & Flails | 3 4 5 6 |  6.2
Armour         | 4 5 |  5.5
Stealth        | 1 |  1.6

Action                   |  1- 3 |  4- 6 |  7- 9 || total
-------------------------+-------+-------+-------++-------
Melee: Flail             |   144 |   191 |   198 ||   533
  Use: Potion            |       |     3 |     5 ||     8
       Scroll            |       |       |     1 ||     1
Armor: Scale mail        |   102 |   112 |   112 ||   326
Dodge: Dodged            |    74 |    93 |   102 ||   269
Block: Buckler           |    68 |   117 |   141 ||   326
       Reflection        |       |     1 |     3 ||     4
